Map: Blueshift LE

Players

jheffe

  • Race: Terran Terran
  • League: Master
  • Spawn Location: 7:00

MCanning - Winner!

  • Race: Protoss Protoss
  • League: Grandmaster
  • Spawn Location: 1:00

Event: Cheeseadelphia 8

VOD

Have the link to the VOD?

Description

Time

  • Played on: Dec. 9, 2018, 12:07 p.m.
  • Length: 20:23

All games in this series

Show
View Real Time Build Order
Export as new Build Order

jheffe Terran 

Build Orders: Gas First Reaper Expand, Banshee Rush 

Get SALT Encoding   

  12  0:00  SCV  
  13  0:12  SCV  
  14  0:17  Supply Depot  
  14  0:24  SCV  
  14  0:27  Refinery  
  15  0:38  SCV  
  16  0:44  Barracks  
  16  0:50  SCV  
  17  1:02  SCV  
  18  1:14  SCV  
  19  1:31  Reaper, Orbital Command  
  20  1:45  Command Center  
  20  1:57  SCV  
  20  2:00  Factory  
  21  2:07  Barracks Reactor  
  21  2:10  SCV  
  21  2:12  Refinery  
  22  2:17  Supply Depot  
  22  2:22  SCV  
  23  2:39  SCV  
  23  2:42  Marine x2  
  28  2:44  Widow Mine  
  28  2:48  Starport  
  28  2:51  SCV  
  29  3:01  Orbital Command  
  29  3:03  SCV  
  30  3:06  Factory Tech Lab, Orbital Command  
  30  3:09  Marine  
  30  3:10  Marine  
  32  3:24  SCV  
  33  3:31  Factory Tech Lab, Marine x2  
  33  3:33  Cloaking Field  
  33  3:34  Banshee  
  35  3:36  SCV  
  35  3:37  SCV  
  40  3:43  Supply Depot  
  41  3:48  SCV  
  41  3:53  Marine, Siege Tank  
  41  3:54  SCV  
  45  3:56  Marine  
  45  4:01  Refinery  
  46  4:04  Bunker  
  46  4:06  SCV  
  46  4:08  SCV  
  48  4:10  Supply Depot  
  48  4:11  Marine  
  48  4:14  Marine  
  50  4:19  Banshee  
  50  4:21  SCV  
  54  4:31  SCV  
  54  4:32  Supply Depot  
  54  4:33  SCV  
  56  4:40  Supply Depot  
  56  4:41  Marine x2  
  56  4:43  SCV  
  56  4:45  Engineering Bay  
  59  4:47  Siege Tank  
  62  4:54  SCV  
  62  4:55  SCV  
  64  5:02  Raven, Supply Depot  
  64  5:06  SCV  
  67  5:11  Marine x2  
  67  5:13  SCV  
  70  5:18  SCV  
  71  5:24  Siege Tank  
  71  5:25  SCV  
  75  5:30  SCV  
  75  5:33  Command Center  
  74  5:37  SCV  
  75  5:43  Marine  
  75  5:44  Marine  
  75  5:45  SCV  
  75  5:46  Raven  
  75  5:47  Engineering Bay  
  75  5:48  Refinery  
  80  5:50  SCV  
  81  5:58  Siege Tank  
  81  6:01  Barracks  
  81  6:02  SCV  
  81  6:03  Barracks  
  85  6:12  Bunker x2  
  85  6:18  Marine  
  85  6:20  Terran Infantry Armor Level 1, Terran Infantry Weapons Level 1  
  85  6:22  Supply Depot  
  85  6:23  Marine  
  73  6:43  Marine x2  
  74  6:47  Siege Tank  
  74  6:49  SCV  
  74  6:50  Barracks x2  
  74  6:51  Barracks Tech Lab  
  74  6:52  SCV  
  79  6:54  Starport Reactor, Orbital Command  
  79  7:01  Stimpack  
  79  7:02  Marauder, SCV  
  79  7:04  SCV  
  83  7:12  Marauder, Combat Shield  
  83  7:14  SCV  
  83  7:16  SCV  
  83  7:19  Marine x2  
  83  7:20  Orbital Command  
  86  7:26  SCV  
  86  7:28  SCV  
  88  7:31  Medivac x2, Marauder  
  88  7:33  Marauder  
  96  7:38  SCV  
  96  7:40  Marine, SCV  
  96  7:41  Marine, Barracks Tech Lab, Barracks Reactor  
  100  7:47  Supply Depot  
  100  7:49  Armory  
  100  7:51  SCV x2  
  102  7:52  SCV  
  102  7:58  Marauder x2  
  107  8:02  Refinery x2  
  107  8:03  Marine x3, SCV x2  
  107  8:05  Supply Depot, SCV  
  113  8:11  Medivac  
  115  8:15  SCV x2  
  115  8:17  SCV  
  115  8:19  Marauder  
  116  8:28  Marine  
  116  8:29  Marine x3, Marauder x2  
  122  8:39  SCV  
  122  8:40  Marine  
  122  8:41  Terran Infantry Weapons Level 2  
  122  8:42  SCV x2  
  122  8:43  Supply Depot  
  122  8:44  Supply Depot  
  122  8:46  Marine  
  125  8:50  Marine, Marauder x2  
  125  8:52  Liberator x2  
  130  8:58  Marauder  
  131  9:04  Marine x3  
  131  9:09  Siege Tank  
  140  9:12  Marauder x2, SCV x2  
  149  9:28  Command Center  
  149  9:30  Concussive Shells  
  149  9:33  Barracks  
  149  9:34  Barracks x2  
  149  10:02  Marine x4  
  149  10:03  Marauder x2  
  157  10:08  Supply Depot  
  157  10:09  Supply Depot  
  155  10:14  Marauder  
  155  10:19  Missile Turret  
  155  10:20  Marine x4  
  146  10:24  Marauder x2  
  110  10:36  Marauder  
  110  10:38  Marine x4  
  111  10:45  Marauder x2  
  112  10:55  Marine x4  
  115  10:57  Marauder  
  110  11:07  Marauder x2, Orbital Command  
  106  11:13  Marine x4  
  109  11:18  Marauder  
  108  11:28  Marauder x2  
  108  11:31  Marine x4  
  110  11:37  Missile Turret  
  106  11:40  Marauder  
  106  11:44  SCV x2  
  106  11:45  SCV  
  99  11:49  Marine x4, Marauder x2  
  101  11:56  Siege Tank  
  101  12:01  Marine  
  104  12:07  Marine x2  
  90  12:09  Marine x2  
  90  12:11  Marauder x2  
  90  12:14  Orbital Command  
  96  12:19  SCV  
  64  12:38  Marine x2  
  64  12:39  Marine x2, Marauder  
  70  12:50  SCV  
  70  12:51  SCV  
  72  12:53  Medivac  
  72  12:54  Medivac  
  72  12:57  SCV  
  77  13:00  Barracks Tech Lab  
  77  13:03  SCV  
  77  13:04  SCV  
  79  13:10  Marine x2  
  79  13:12  SCV  
  82  13:14  SCV  
  82  13:17  Marine  
  82  13:18  SCV  
  85  13:21  SCV  
  85  13:24  SCV  
  85  13:26  Medivac, SCV  
  86  13:38  Marine x3, Marauder x2  
  91  13:43  Marine  
  91  13:44  Missile Turret  
  91  13:45  SCV  
  93  13:52  SCV  
  93  13:54  Missile Turret, Marine x3  
  97  14:03  Siege Tank  
  97  14:05  SCV  
  97  14:08  SCV x2  
  97  14:09  Marine  
  104  14:10  Sensor Tower  
  104  14:13  SCV  
  102  14:23  Marine x3  
  104  14:24  Marauder  
  92  14:37  Marine x2, Marauder  
  63  14:46  Siege Tank  
  63  14:50  Medivac  
  63  14:52  SCV  
  65  14:56  Marine x2  
  67  15:00  SCV  
  67  15:04  Marauder  
  67  15:06  Marauder  
  72  15:11  SCV x2  
  72  15:12  Marine  
  75  15:15  SCV  
  77  15:21  Marine  
  77  15:23  Marine, SCV x2  
  77  15:27  SCV  
  77  15:28  Marine x3  
  84  15:38  Orbital Command  
  84  15:39  Marine x5, SCV  
  90  16:02  Marine x5  
  90  16:03  Marauder x4  
  102  16:10  Marine  
  103  16:12  Siege Tank  
  104  16:20  Marine x2  
  104  16:25  Missile Turret  
  106  16:30  SCV  
  102  16:36  Marine  
  102  16:37  Marine x3, Marauder x2  
  106  16:46  Marine, Marauder  
  107  17:00  Marine x3  
  107  17:01  Marauder  
  112  17:04  Marine x2  
  112  17:07  SCV  
  115  17:18  Marine x2  
  115  17:21  Marine  
  105  17:32  Marine  
  105  17:33  Barracks Tech Lab x2  
  93  17:41  Marine x3  
  93  17:42  Marauder x3  
  100  17:56  Marine x3, Marauder  
  89  18:09  Marine x2  
  89  18:10  Marauder  
  89  18:12  Marine x2  
  79  18:20  SCV x2  
  79  18:24  Medivac  
  83  18:28  SCV x2  
  85  18:37  Marine x2  
  85  18:38  Marine x2, Marauder  
  85  18:40  SCV  
  92  18:41  SCV x2  
  92  18:43  SCV  
  95  18:51  Marine  
  95  18:52  SCV  
  95  18:53  SCV  
  95  18:54  SCV  
  99  18:56  Marine x2, SCV, Marauder  
  104  19:04  SCV  
  104  19:05  SCV  
  106  19:13  Marine x2  
  106  19:14  Marauder x2  
  111  19:25  Marine x2  
  111  19:26  Marine x2, Marauder x2  
  111  19:31  Marine x2  
  120  19:35  Marauder x2  
  75  19:59  Marine x2  
  74  20:00  Marine x3, Marauder x3  
Show
View Real Time Build Order
Export as new Build Order

MCanning Protoss - Winner!

Build Orders: 1 Gate Expand, Colossus Rush 

Get SALT Encoding   

  12  0:00  Probe  
  13  0:12  Probe  
  14  0:18  Pylon  
  14  0:24  Probe  
  15  0:34  Probe  
  15  0:36  Gateway  
  15  0:42  Probe  
  16  0:47  Assimilator  
  17  0:51  Probe  
  18  1:03  Probe  
  19  1:15  Probe  
  20  1:23  Nexus  
  20  1:33  Cybernetics Core  
  20  1:37  Probe  
  21  1:44  Assimilator  
  21  1:49  Probe  
  21  1:52  Pylon  
  22  2:01  Adept, Probe  
  23  2:10  Warp Gate  
  23  2:13  Probe  
  26  2:18  Stalker  
  26  2:25  Probe  
  29  2:37  Probe  
  29  2:38  Robotics Facility  
  29  2:40  Probe  
  31  2:49  Probe  
  32  2:52  Probe  
  33  3:00  Probe  
  33  3:02  Stalker  
  33  3:04  Probe  
  37  3:08  Probe  
  38  3:13  Gateway  
  38  3:14  Probe  
  38  3:16  Probe  
  38  3:19  Gateway  
  39  3:24  Probe  
  39  3:25  Pylon  
  39  3:27  Observer  
  41  3:30  Probe  
  43  3:35  Probe  
  43  3:39  Robotics Bay  
  44  3:42  Probe  
  44  3:47  Probe  
  46  3:50  Observer  
  46  3:54  Probe  
  47  3:57  Assimilator  
  47  3:59  Assimilator, Probe  
  49  4:03  Pylon  
  49  4:09  Forge, Observer  
  49  4:14  Sentry  
  49  4:15  Adept  
  54  4:18  Pylon  
  54  4:20  Colossus  
  54  4:21  Probe  
  55  4:29  Pylon  
  56  4:31  Gateway  
  56  4:32  Gateway  
  61  4:43  Probe  
  62  4:47  Pylon  
  62  4:50  Shield Battery  
  62  4:53  Extended Thermal Lance  
  62  4:54  Probe  
  62  4:56  Probe  
  64  5:01  Protoss Ground Weapons Level 1  
  64  5:07  Pylon  
  64  5:08  Colossus, Probe  
  64  5:11  Stalker  
  67  5:19  Pylon  
  66  5:27  Probe  
  73  5:33  Probe  
  73  5:34  Stalker  
  76  5:40  Probe  
  77  5:44  Stalker  
  77  5:47  Pylon  
  80  5:54  Sentry  
  81  5:58  Disruptor  
  84  6:06  Stalker  
  84  6:08  Probe  
  84  6:10  Probe  
  88  6:14  Adept x3  
  92  6:30  Stalker x2  
  88  6:33  Probe  
  88  6:37  Stalker  
  88  6:38  Stalker x2  
  83  6:43  Probe  
  83  6:48  Disruptor  
  83  6:50  Probe  
  83  6:52  Photon Cannon  
  83  6:54  Photon Cannon  
  87  7:05  Nexus  
  87  7:10  Pylon  
  87  7:11  Stalker x3  
  87  7:14  Disruptor  
  93  7:27  Twilight Council  
  93  7:28  Probe  
  97  7:32  Photon Cannon, Zealot  
  97  7:34  Shield Battery  
  99  7:38  Probe  
  99  7:41  Probe  
  99  7:42  Disruptor  
  101  7:47  Adept  
  101  7:50  Probe  
  104  7:52  Pylon  
  104  7:55  Stalker  
  104  7:58  Probe  
  110  8:01  Blink  
  110  8:05  Warp Prism  
  110  8:09  Protoss Ground Armor Level 1  
  110  8:10  Probe  
  110  8:11  Adept x2  
  110  8:12  Adept  
  117  8:14  Probe  
  120  8:26  Assimilator  
  118  8:31  Assimilator  
  118  8:33  Disruptor  
  121  8:50  Stalker x2  
  121  8:54  Pylon  
  125  8:56  Nexus  
  125  9:01  Stalker x2  
  125  9:02  Stalker  
  129  9:08  Observer  
  129  9:10  Probe  
  129  9:15  Gateway, Disruptor  
  129  9:16  Gateway  
  131  9:22  Adept x2  
  131  9:33  Adept x3  
  137  9:40  Resonating Glaives  
  137  9:42  Adept  
  137  9:43  Adept  
  137  9:44  Probe  
  140  10:02  Pylon  
  140  10:04  Photon Cannon  
  140  10:05  Dark Shrine  
  140  10:07  Shield Battery  
  140  10:08  Pylon  
  131  10:29  Adept x3, Probe  
  131  10:30  Adept x4  
  146  10:36  Disruptor  
  149  10:47  Probe  
  149  10:48  Nexus, Pylon  
  144  10:52  Adept x2  
  148  10:58  Pylon  
  148  11:00  Adept, Pylon  
  148  11:03  Probe  
  147  11:10  Probe  
  147  11:11  Immortal, Adept  
  135  11:12  Adept x2  
  135  11:15  Probe  
  138  11:22  Probe  
  138  11:24  Dark Templar  
  138  11:25  Adept x3  
  140  11:33  Assimilator  
  140  11:34  Assimilator  
  140  11:35  Probe  
  140  11:38  Dark Templar x2  
  143  11:44  Dark Templar  
  139  11:51  Dark Templar  
  127  12:03  Colossus  
  121  12:13  Probe  
  121  12:15  Stalker x3  
  134  12:25  Protoss Ground Armor Level 2  
  115  12:35  Stalker x4  
  102  12:47  Disruptor  
  102  12:49  Sentry  
  102  12:50  Sentry  
  106  12:56  Dark Templar  
  111  13:04  Zealot  
  111  13:05  Charge  
  113  13:06  Stalker x3  
  119  13:26  Dark Templar  
  121  13:32  Nexus  
  121  13:33  Pylon  
  121  13:38  Dark Templar  
  121  13:40  Adept x4  
  129  13:47  Disruptor  
  132  13:55  Probe  
  133  13:56  Stalker  
  133  14:00  Stalker x2  
  139  14:15  Adept x2  
  139  14:16  Adept x2  
  147  14:18  Disruptor  
  150  14:29  Protoss Ground Armor Level 3  
  123  14:38  Stalker  
  123  14:39  Stalker x3  
  108  14:46  Adept x3  
  104  14:53  Immortal  
  100  15:03  Zealot  
  100  15:04  Zealot x3  
  112  15:09  Probe  
  113  15:17  Dark Templar  
  113  15:19  Dark Templar  
  113  15:20  Immortal  
  117  15:21  Templar Archives, Archon  
  117  15:22  Archon  
  117  15:28  Sentry x2  
  119  15:33  Dark Templar  
  127  15:36  Stalker  
  129  15:50  Immortal  
  129  15:53  Dark Templar  
  129  15:54  Dark Templar  
  132  15:59  Archon, Zealot x2  
  132  16:00  Zealot  
  142  16:04  Dark Templar  
  142  16:11  Assimilator  
  144  16:15  Assimilator  
  144  16:25  Dark Templar, Psionic Storm  
  144  16:26  Dark Templar, Zealot  
  144  16:27  Zealot x3  
  154  16:33  Immortal  
  154  16:46  High Templar  
  156  16:53  Photon Cannon  
  156  16:54  High Templar x2  
  156  16:55  Photon Cannon  
  156  16:58  Stalker x2  
  156  16:59  Shield Battery  
  164  17:02  Protoss Ground Weapons Level 2  
  164  17:15  Dark Templar, Stalker  
  165  17:18  Probe  
  165  17:20  Probe  
  165  17:22  Zealot x3  
  171  17:31  Zealot  
  171  17:32  Dark Templar  
  171  17:36  Probe  
  174  17:39  Dark Templar  
  166  17:46  Stalker x2  
  158  18:02  Colossus  
  134  18:13  Zealot x4  
  134  18:14  Zealot x3  
  154  18:31  Nexus  
  154  18:33  Pylon  
  154  18:34  Stalker x4  
  158  18:40  High Templar  
  164  18:48  Zealot x2  
  168  18:59  Photon Cannon  
  168  19:03  Photon Cannon, High Templar  
  168  19:06  Shield Battery  
  168  19:07  Zealot x3  
  176  19:15  Photon Cannon  
  176  19:16  High Templar  
  174  19:17  Shield Battery  
  174  19:23  Zealot x2  
  170  19:24  Probe  
  170  19:28  Zealot x3  
  165  19:40  Zealot  
  165  19:42  Immortal  
  167  19:51  Zealot x2  
  167  19:52  Zealot x4  
  167  19:54  Probe  
  162  20:10  Archon  
Tags
 
Add a new tag
Caveats
  • Supply blocks, unpowered buildings, or Contaminate may cause inaccurate times.
  • Supply counts are checked every 10 seconds.